[Event "Titled Tuesday Blitz August 08 Early 2023"]
[White "only_strong_moves"]
[Black "Gholami Orimi, Mahdi"]
[BlackFideId "12558486"]
[WhiteElo "2590"]
[BlackElo "2895"]
[Result "0-1"]
[Round "4"]
[TimeControl "180+1"]
[Date "2023.08.08"]
[WhiteClock "0:00:00"]
[BlackClock "0:00:22"]
[Board "50"]

1. e4 c5 2. Nf3 d6 3. d4 cxd4 4. Nxd4 Nf6 5. Nc3 Nc6 6. Bg5 e6 7. Be2 Be7 8. O-O O-O 9. Nxc6 bxc6 10. Kh1 Rb8 11. b3 d5 12. Bf4 Rb4 13. a3 Rb6 14. Na4 Nxe4 15. Nxb6 Qxb6 16. Be3 c5 17. Bd3 Nc3 18. Qh5 f5 19. Rae1 Bf6 20. Bg5 Bd7 21. f4 g6 22. Qh4 Bh8 23. Be7 Rf7 24. Bd8 Qc6 25. Ba5 Bf6 26. Qg3 Ne4 27. Bxe4 fxe4 28. c4 d4 29. b4 e3 30. bxc5 Qxc5 31. Bb4 Qxc4 32. Rc1 Qd5 33. f5 exf5 34. Qb8+ Kg7 35. Rc7 e2 36. Re1 d3 37. Bd2 g5 38. Qxa7 f4 39. Qf2 Bd4 40. Qf3 Qxf3 41. gxf3 Be3 42. Bc3+ Kg6 43. Rc4 g4 44. Kg2 h5 45. a4 gxf3+ 46. Kxf3 Bg4+ 47. Ke4 Bf5+ 48. Kf3 Re7 49. a5 Bg4+ 50. Kg2 f3+ 51. Kg3 d2 52. Bxd2 Bxd2 53. Rb1 e1=Q+ 0-1


[Site "https://www.chess.com"]

[Event "Titled Tuesday Blitz August 08 Early 2023"]
[White "Matyukov, Petr"]
[Black "Khubukshanov, Erdem"]
[WhiteFideId "4103688"]
[BlackFideId "54114527"]
[WhiteElo "2588"]
[BlackElo "2846"]
[Result "0-1"]
[Round "4"]
[TimeControl "180+1"]
[Date "2023.08.08"]
[WhiteClock "0:00:11"]
[BlackClock "0:01:23"]
[Board "51"]

1. d4 d5 2. c4 e6 3. Nc3 Bb4 4. cxd5 exd5 5. Nf3 c6 6. Qc2 g6 7. Bg5 Be7 8. h4 Bf5 9. Qb3 Qb6 10. e3 Nd7 11. Bxe7 Nxe7 12. Rc1 h5 13. Qa3 a5 14. Bb5 Nc8 15. O-O Kd8 16. Ng5 Rf8 17. Ba4 Qb4 18. f3 f6 19. Nh3 Bxh3 20. gxh3 Ndb6 21. Bc2 Nc4 22. Qxb4 axb4 23. Na4 Nxe3 24. Rfe1 Nxc2 25. Nc5 Nxe1 26. Ne6+ Ke7 27. Nxf8 Nxf3+ 0-1


[Site "https://www.chess.com"]

[Event "Titled Tuesday Blitz August 08 Early 2023"]
[White "Toropov, Pavel"]
[Black "Timofeev, Artyom"]
[WhiteFideId "24129178"]
[BlackFideId "4140419"]
[WhiteElo "2581"]
[BlackElo "2832"]
[Result "0-1"]
[Round "4"]
[TimeControl "180+1"]
[Date "2023.08.08"]
[WhiteClock "0:00:02"]
[BlackClock "0:00:40"]
[Board "52"]

1. e4 e6 2. d4 d5 3. exd5 exd5 4. Bd3 c5 5. dxc5 Bxc5 6. Nf3 Ne7 7. O-O O-O 8. Nbd2 Nbc6 9. h3 h6 10. Nb3 Bb6 11. c3 Bf5 12. Re1 Qd6 13. Be3 Bxe3 14. Rxe3 Bxd3 15. Qxd3 Ng6 16. Rd1 Nf4 17. Qf5 g6 18. Qg4 Rfe8 19. Rde1 Rxe3 20. Rxe3 Rd8 21. Nbd4 Qf6 22. h4 h5 23. Qg3 a6 24. Nxc6 bxc6 25. Nd4 c5 26. Rf3 cxd4 27. Rxf4 Qb6 28. Rxd4 Qxb2 29. Qd3 Qxa2 30. c4 a5 31. cxd5 a4 32. d6 a3 33. Ra4 Qa1+ 34. Kh2 a2 35. Qd2 Qe5+ 36. f4 a1=Q 37. Rxa1 0-1


[Site "https://www.chess.com"]

[Event "Titled Tuesday Blitz August 08 Early 2023"]
[White "Rustemov, Alexander"]
[Black "Eynullayev, Altay"]
[WhiteFideId "4119002"]
[BlackFideId "13413562"]
[WhiteElo "2832"]
[BlackElo "2579"]
[Result "1-0"]
[Round "4"]
[TimeControl "180+1"]
[Date "2023.08.08"]
[WhiteClock "0:00:04"]
[BlackClock "0:00:06"]
[Board "53"]

1. d4 Nf6 2. c4 g6 3. Nf3 Bg7 4. g3 O-O 5. Bg2 d5 6. cxd5 Nxd5 7. O-O Nb6 8. Nc3 Nc6 9. e3 Bd7 10. h3 Qc8 11. Kh2 e5 12. d5 Na5 13. e4 c6 14. b3 f5 15. Ba3 c5 16. Rc1 Re8 17. Qe2 a6 18. Ng5 Qc7 19. Nb1 Bf8 20. exf5 Bxf5 21. Nd2 Qd8 22. Bxc5 Bxc5 23. Rxc5 Nxb3 24. axb3 Qxg5 25. d6 Rad8 26. Bxb7 Rxd6 27. Ne4 Bxe4 28. Qxe4 Rf8 29. Rxe5 Qd2 30. Kg1 Nd7 31. Rd5 Rxd5 32. Bxd5+ Kh8 33. Bc4 Qd6 34. Qe2 Ne5 35. Qb2 Qf6 36. Qa1 Nf3+ 37. Kh1 Nd4 38. f4 Qc6+ 39. Kh2 Qf6 40. Rd1 Nf3+ 41. Kg2 Qxa1 42. Rxa1 Nd2 43. Rxa6 Nxc4 44. bxc4 Rc8 45. Ra4 Rc5 46. g4 Kg7 47. Kf3 Kf6 48. g5+ Kf5 49. Ra6 1-0


[Site "https://www.chess.com"]

[Event "Titled Tuesday Blitz August 08 Early 2023"]
[White "Salinas Herrera, Pablo"]
[Black "vishwa_vijeta"]
[WhiteFideId "3407128"]
[WhiteElo "2829"]
[BlackElo "2578"]
[Result "1-0"]
[Round "4"]
[TimeControl "180+1"]
[Date "2023.08.08"]
[WhiteClock "0:02:49"]
[BlackClock "0:02:33"]
[Board "54"]

1. d4 Nf6 2. Nf3 g6 3. Nbd2 d5 4. e3 Bg7 5. b4 O-O 6. c4 c6 7. a4 b6 8. Bb2 Ba6 9. b5 cxb5 10. axb5 Bb7 11. c5 bxc5 12. dxc5 Ne4 13. Bxg7 Kxg7 14. c6 Nxd2 15. cxb7 1-0


[Site "https://www.chess.com"]

[Event "Titled Tuesday Blitz August 08 Early 2023"]
[White "Tristan, Leonardo"]
[Black "Colbow, Collin"]
[WhiteFideId "113816"]
[BlackFideId "16201132"]
[WhiteElo "2815"]
[BlackElo "2575"]
[Result "1-0"]
[Round "4"]
[TimeControl "180+1"]
[Date "2023.08.08"]
[WhiteClock "0:01:45"]
[BlackClock "0:00:11"]
[Board "55"]

1. d4 Nf6 2. Nf3 g6 3. Bf4 Bg7 4. e3 O-O 5. Be2 d5 6. O-O Bf5 7. c4 dxc4 8. Bxc4 Nbd7 9. Nc3 c5 10. h3 Nb6 11. Be2 cxd4 12. Nxd4 Bc8 13. Bf3 Nfd5 14. Nxd5 Nxd5 15. Bh2 e6 16. Rc1 Bd7 17. Qd2 Qb6 18. Rfd1 Rac8 19. Nb3 Bc6 20. Bd6 Rfd8 21. Bc5 Qa6 22. Qc2 Bb5 23. Qb1 Be2 24. Bxe2 Qxe2 25. Bd4 Nb4 26. Bxg7 Rxd1+ 27. Rxd1 Rc2 28. Rf1 Kxg7 29. Nd4 Qd2 30. Nxc2 Nxc2 31. Qc1 Qe2 32. Qd1 Qc4 33. Qd2 Nb4 34. a3 Nd5 35. Qd4+ Qxd4 36. exd4 Kf6 37. Rc1 Kf5 38. Rc8 Ke4 39. Rb8 b6 40. Rb7 a5 41. Rxf7 Kxd4 42. Rxh7 Kc4 43. Rg7 Kb3 44. Rxg6 Kxb2 45. h4 b5 46. h5 Nf4 47. Rg5 b4 48. axb4 a4 49. h6 a3 50. h7 1-0


[Site "https://www.chess.com"]

[Event "Titled Tuesday Blitz August 08 Early 2023"]
[White "Thecourseoisildur"]
[Black "Javakhadze, Zurab"]
[BlackFideId "13603647"]
[WhiteElo "2572"]
[BlackElo "2811"]
[Result "1-0"]
[Round "4"]
[TimeControl "180+1"]
[Date "2023.08.08"]
[WhiteClock "0:00:06"]
[BlackClock "0:00:02"]
[Board "56"]

1. d4 d5 2. c4 e6 3. Nf3 Nf6 4. g3 Be7 5. Bg2 O-O 6. O-O a5 7. Qc2 c6 8. Nbd2 b6 9. e4 Bb7 10. b3 Na6 11. Bb2 Rc8 12. a3 c5 13. exd5 exd5 14. Rfd1 Qc7 15. Rac1 cxd4 16. Nxd4 dxc4 17. Bh3 Rcd8 18. Qxc4 Bc5 19. Nf5 Rfe8 20. Bxf6 Qc6 21. Ne4 Rxd1+ 22. Rxd1 Rxe4 23. Qxe4 Qxf6 24. Qxb7 g6 25. Qxa6 gxf5 26. Qc8+ Kg7 27. Qxf5 Qb2 28. Qg4+ Kf6 29. Qf3+ Ke7 30. Re1+ Kf8 31. Be6 Qg7 32. Qa8+ Ke7 33. Bc4+ Kf6 34. Qc6+ Kg5 35. Qd5+ Kh6 36. Qxf7 Qd4 37. Re6+ Kg5 38. h4+ Kg4 39. Be2+ Kh3 40. Qf5+ Qg4 41. Qxg4# 1-0


[Site "https://www.chess.com"]

[Event "Titled Tuesday Blitz August 08 Early 2023"]
[White "Mitrabha, Guha"]
[Black "Manukyan, Sargis A."]
[WhiteFideId "5057000"]
[BlackFideId "13303970"]
[WhiteElo "2809"]
[BlackElo "2571"]
[Result "1-0"]
[Round "4"]
[TimeControl "180+1"]
[Date "2023.08.08"]
[WhiteClock "0:01:47"]
[BlackClock "0:00:19"]
[Board "57"]

1. Nf3 d5 2. d4 Nf6 3. Bf4 Bg4 4. Ne5 Bd7 5. c4 e6 6. Qb3 Qc8 7. Nc3 Nc6 8. e3 Nxe5 9. dxe5 dxc4 10. Bxc4 Nh5 11. Bg5 h6 12. Bh4 g5 13. Bg3 Nxg3 14. hxg3 Bg7 15. f4 a6 16. Bd3 b5 17. O-O-O c5 18. Qc2 c4 19. Be2 Bc6 20. Bf3 Bxf3 21. gxf3 Qc5 22. Rd4 Rd8 23. Ne4 Qb6 24. Nd6+ Ke7 25. Qd2 h5 26. Qb4 Rxd6 27. Rxd6 Qxe3+ 28. Rd2+ Ke8 29. Qd6 f5 30. Qxe6+ Kf8 31. Qxf5+ Kg8 32. Qe4 Qb6 33. Rd7 Rh6 34. Rhd1 gxf4 35. Rd8+ Bf8 36. Qxf4 Qc5 37. Qxh6 1-0


[Site "https://www.chess.com"]

[Event "Titled Tuesday Blitz August 08 Early 2023"]
[White "Ingebretsen, Jens E"]
[Black "Mayank Chakraborty"]
[WhiteFideId "1522965"]
[BlackFideId "25659766"]
[WhiteElo "2571"]
[BlackElo "2806"]
[Result "0-1"]
[Round "4"]
[TimeControl "180+1"]
[Date "2023.08.08"]
[WhiteClock "0:00:17"]
[BlackClock "0:00:35"]
[Board "58"]

1. Nf3 d5 2. g3 Nf6 3. Bg2 Bf5 4. O-O e6 5. c4 c6 6. b3 h6 7. Bb2 Nbd7 8. d3 Bd6 9. Nc3 Bh7 10. e4 O-O 11. cxd5 cxd5 12. Nb5 Bc5 13. e5 Ne8 14. d4 Bb4 15. a3 Be7 16. b4 a6 17. Nc3 Nb6 18. Nd2 Rc8 19. f4 Nc7 20. Qe2 Qd7 21. Rac1 Nb5 22. Nxb5 Qxb5 23. Qxb5 axb5 24. g4 Bd3 25. Rf3 Be2 26. Rg3 Rxc1+ 27. Bxc1 Rc8 28. Nb3 Bd1 29. Nc5 Na4 30. Bf3 Bxf3 31. Rxf3 b6 32. Nb3 Rc2 33. h3 Bh4 34. Kf1 Nc3 35. Bd2 Nb1 36. Be1 Bxe1 37. Kxe1 Nxa3 38. Kd1 Rb2 39. Nc1 Nc4 40. Nb3 h5 41. Kc1 Rg2 42. gxh5 Kh7 43. f5 exf5 44. Rxf5 Rg1+ 45. Kc2 Ne3+ 0-1


[Site "https://www.chess.com"]

[Event "Titled Tuesday Blitz August 08 Early 2023"]
[White "Riehle, Marco"]
[Black "Borgaonkar Akshay"]
[WhiteFideId "12904392"]
[BlackFideId "25639110"]
[WhiteElo "2805"]
[BlackElo "2570"]
[Result "0-1"]
[Round "4"]
[TimeControl "180+1"]
[Date "2023.08.08"]
[WhiteClock "0:00:30"]
[BlackClock "0:00:05"]
[Board "59"]

1. e4 c5 2. a3 e6 3. b4 cxb4 4. axb4 Bxb4 5. Bb2 Nf6 6. e5 Nd5 7. c4 Ne7 8. Qg4 Nbc6 9. Qxg7 Rg8 10. Qxh7 Qb6 11. Qd3 Bc5 12. Bc3 Bxf2+ 13. Kd1 Bxg1 14. Na3 Bd4 15. Nb5 Bxc3 16. dxc3 Nxe5 17. Qd4 Qxd4+ 18. cxd4 Ng4 19. Kd2 Kd8 20. Be2 Nf2 21. Rhg1 Ne4+ 22. Kd3 f5 23. Nxa7 Ke8 24. Bf3 d5 25. c5 Bd7 26. Rgb1 Rb8 27. Ra2 Kf7 28. Rab2 Bc6 29. h4 Kf6 30. h5 Ra8 31. Ra1 Nc8 32. Rba2 Nxa7 33. Rxa7 Rxa7 34. Rxa7 Rh8 35. Ra1 Ng3 36. Kc3 Nxh5 37. Rh1 Kg5 38. Kb4 Rh7 39. Ka5 Nf6 40. Re1 Ne4 41. Kb6 Kf4 42. Ra1 Nd2 43. Be2 Nc4+ 44. Ka7 b6+ 45. Kb8 bxc5 46. dxc5 Rb7+ 47. Kc8 Rb2 48. Bf1 Rb5 49. Bxc4 dxc4 50. Kc7 Bxg2 51. Kd6 Bd5 52. Ra6 c3 53. c6 c2 54. Ra1 Bxc6 55. Kxc6 Rb1 56. Ra4+ Kg5 57. Ra7 c1=Q+ 58. Kd7 Qd2+ 59. Ke7 Qb4+ 60. Kf7 Qb7+ 0-1


[Site "https://www.chess.com"]

[Event "Titled Tuesday Blitz August 08 Early 2023"]
[White "Klukin, Kirill"]
[Black "Nozdrachev, Leonid"]
[WhiteFideId "24199273"]
[BlackFideId "24113433"]
[WhiteElo "2801"]
[BlackElo "2569"]
[Result "1/2-1/2"]
[Round "4"]
[TimeControl "180+1"]
[Date "2023.08.08"]
[WhiteClock "0:00:06"]
[BlackClock "0:00:07"]
[Board "60"]

1. d4 Nf6 2. Nf3 e6 3. e3 d5 4. Bd3 c5 5. b3 Nc6 6. Bb2 cxd4 7. exd4 Bb4+ 8. Nbd2 Ne4 9. O-O Bc3 10. Bxc3 Nxc3 11. Qe1 O-O 12. Qe3 Qa5 13. a3 Nb5 14. Bxh7+ Kxh7 15. Ng5+ Kg6 16. Qg3 Nbxd4 17. Nxe6+ Kf6 18. Qxg7+ Kxe6 19. Rfe1+ Kd7 20. Qxf8 Qxd2 21. Qxf7+ Kd6 22. Rad1 Qg5 23. Qf8+ Kc7 24. c3 Bh3 25. Qf7+ Kb6 26. g3 Be6 27. Rxe6 Nxe6 28. Qxe6 Rf8 29. h4 Qh5 30. Qxd5 Qg4 31. a4 a6 32. Qd3 Rf3 33. Qd7 Rxg3+ 34. fxg3 Qxg3+ 35. Kh1 Qf3+ 36. Kg1 Qg3+ 37. Kf1 Qf3+ 38. Kg1 Qg3+ 1/2-1/2


[Site "https://www.chess.com"]

[Event "Titled Tuesday Blitz August 08 Early 2023"]
[White "Taboas Rodriguez, Daniel"]
[Black "Ashraf, Artin"]
[WhiteFideId "2208466"]
[BlackFideId "22514805"]
[WhiteElo "2569"]
[BlackElo "2801"]
[Result "0-1"]
[Round "4"]
[TimeControl "180+1"]
[Date "2023.08.08"]
[WhiteClock "0:00:08"]
[BlackClock "0:00:36"]
[Board "61"]

1. d4 d5 2. c4 e6 3. Nc3 Be7 4. Nf3 Nf6 5. Bg5 O-O 6. e3 h6 7. Bh4 Nbd7 8. Rc1 Re8 9. Bg3 c6 10. Bd3 Nh5 11. Be5 Nxe5 12. Nxe5 Nf6 13. O-O Bd6 14. f4 c5 15. Nb5 cxd4 16. exd4 dxc4 17. Bxc4 Bb8 18. f5 a6 19. fxe6 Bxe6 20. Bxe6 Rxe6 21. Nc3 Bxe5 22. dxe5 Qb6+ 23. Kh1 Rxe5 24. Rc2 Rae8 25. h3 Nh5 26. Qf3 Rf5 27. Qxf5 Ng3+ 28. Kh2 Nxf5 29. Rxf5 Qd6+ 30. g3 Re3 31. Rg2 g6 32. Rd5 Qe6 33. Rdd2 h5 34. Nd5 Rf3 35. Rge2 Rd3 36. Rxe6 Rxd2+ 37. Kg1 fxe6 38. Nf4 Kf7 0-1


[Site "https://www.chess.com"]

[Event "Titled Tuesday Blitz August 08 Early 2023"]
[White "Sethuraman, S.P."]
[Black "Zubarev, Alexander"]
[WhiteFideId "5021596"]
[BlackFideId "14104385"]
[WhiteElo "2791"]
[BlackElo "2568"]
[Result "1-0"]
[Round "4"]
[TimeControl "180+1"]
[Date "2023.08.08"]
[WhiteClock "0:01:05"]
[BlackClock "0:00:00"]
[Board "62"]

1. d4 e6 2. e4 d5 3. Nc3 dxe4 4. Nxe4 Bd7 5. Nf3 Bc6 6. Bd3 Nd7 7. c3 Ngf6 8. Nxf6+ Nxf6 9. O-O Bxf3 10. Qxf3 c6 11. Re1 Be7 12. a4 a5 13. Bf4 O-O 14. Qh3 g6 15. Be5 Bd6 16. Rad1 Bxe5 17. dxe5 Nd7 18. Bxg6 hxg6 19. Rd4 Kg7 20. Red1 Qc7 21. Rxd7 Qxe5 22. Qf3 Rad8 23. g3 Rxd7 24. Rxd7 b5 25. Qxc6 bxa4 26. Qxa4 Rb8 27. Qc2 Qb5 28. Rd2 a4 29. Qe4 Qb3 30. h4 Rb5 31. c4 Rf5 32. Kg2 a3 33. bxa3 Qxa3 34. Qd4+ Kh7 35. Qe4 Qc3 36. Rc2 Qb4 37. g4 Ra5 38. Qf3 Qd6 39. Qxf7+ 1-0


[Site "https://www.chess.com"]

[Event "Titled Tuesday Blitz August 08 Early 2023"]
[White "Rahman, Masruri"]
[Black "Mogirzan, Matei-Valeriu"]
[WhiteFideId "7101163"]
[BlackFideId "1257455"]
[WhiteElo "2785"]
[BlackElo "2565"]
[Result "1-0"]
[Round "4"]
[TimeControl "180+1"]
[Date "2023.08.08"]
[WhiteClock "0:01:19"]
[BlackClock "0:00:47"]
[Board "63"]

1. d4 Nf6 2. Bf4 Nc6 3. Nf3 d6 4. h3 g6 5. e3 Bg7 6. c3 O-O 7. Nbd2 Qe8 8. Bh2 e5 9. dxe5 dxe5 10. Bc4 Kh8 11. O-O Nd7 12. a4 a5 13. Bb5 e4 14. Nd4 Nxd4 15. cxd4 c6 16. Be2 f5 17. Nc4 Nf6 18. Nb6 Ra7 19. Bb8 Ra6 20. Bxa6 bxa6 21. Nxc8 Qxc8 22. Be5 g5 23. Rc1 f4 24. exf4 gxf4 25. Bxf4 Qf5 26. Be5 Bh6 27. Rxc6 Bg5 28. Qg4 Qxe5 29. dxe5 Nxg4 30. hxg4 e3 31. f4 Bxf4 32. Rf6 Rxf6 33. exf6 Bg3 34. f7 1-0


[Site "https://www.chess.com"]

[Event "Titled Tuesday Blitz August 08 Early 2023"]
[White "SmirnovAlexandrA"]
[Black "Srihari L R"]
[BlackFideId "46617116"]
[WhiteElo "2563"]
[BlackElo "2774"]
[Result "1/2-1/2"]
[Round "4"]
[TimeControl "180+1"]
[Date "2023.08.08"]
[WhiteClock "0:00:17"]
[BlackClock "0:00:04"]
[Board "64"]

1. e4 d6 2. d4 Nf6 3. Nc3 e5 4. dxe5 dxe5 5. Qxd8+ Kxd8 6. Nf3 Bd6 7. Be3 Ke7 8. a3 c6 9. O-O-O h6 10. h3 Be6 11. Be2 Nbd7 12. g4 g5 13. Ne1 b5 14. f3 a5 15. h4 gxh4 16. Ng2 b4 17. Nb1 Bc5 18. Bxc5+ Nxc5 19. Rxh4 h5 20. Rdh1 Rhg8 21. Ne3 hxg4 22. Nxg4 Nxg4 23. fxg4 Nxe4 24. Bf3 Nf6 25. Bxc6 Rac8 26. Bf3 Nxg4 27. axb4 axb4 28. Re1 Rc5 29. Nd2 Nf2 30. Rf1 Nd3+ 31. Kb1 Nf4 32. Nb3 Bxb3 33. cxb3 Rd8 34. Rh6 Rd2 35. Be4 Re2 36. Bh7 e4 37. Rb6 Nd3 38. Rb7+ Kd6 39. Rf6+ Ke5 40. Rf5+ Kd4 41. Rd7+ Ke3 42. Rxd3+ exd3 43. Rxc5 Re1+ 44. Ka2 d2 45. Bc2 Rc1 46. Re5+ Kd4 47. Re4+ Kd5 48. Re7 Rxc2 49. Rd7+ Ke4 50. Kb1 Rc1+ 51. Ka2 Rd1 52. Rd4+ Ke5 53. Rd5+ Kf6 54. Rf5+ Ke6 55. Re5+ Kd6 56. Rd5+ Ke7 57. Re5+ Kf8 58. Re8+ Kg7 59. Rg8+ Kf6 60. Rg6+ Ke7 61. Re6+ Kf8 62. Re8+ Kg7 63. Rg8+ Kf6 64. Rg6+ Ke5 65. Re6+ Kd4 66. Re4+ Kd5 67. Re5+ Kd6 68. Re6+ Kc5 69. Rc6+ Kd4 70. Rc4+ Kd5 71. Rd4+ Kc5 72. Rc4+ Kb5 73. Rc5+ Ka6 74. Rc6+ Kb7 75. Rc7+ Kxc7 1/2-1/2


[Site "https://www.chess.com"]

[Event "Titled Tuesday Blitz August 08 Early 2023"]
[White "maksimys18"]
[Black "Mahdavi, Reza"]
[BlackFideId "12595926"]
[WhiteElo "2562"]
[BlackElo "2757"]
[Result "0-1"]
[Round "4"]
[TimeControl "180+1"]
[Date "2023.08.08"]
[WhiteClock "0:00:15"]
[BlackClock "0:00:19"]
[Board "65"]

1. d4 Nf6 2. Nf3 g6 3. c4 d6 4. Nc3 Bg7 5. Bg5 O-O 6. e3 Nbd7 7. Be2 c5 8. d5 a6 9. a4 Rb8 10. O-O Re8 11. Qc2 Nf8 12. Nd2 Bf5 13. e4 Bc8 14. Rae1 Qc7 15. f4 e6 16. Bd3 exd5 17. Bxf6 Bxf6 18. Nxd5 Bd4+ 19. Kh1 Qd8 20. Nf3 Bg7 21. e5 dxe5 22. fxe5 Be6 23. Be4 b5 24. axb5 axb5 25. Rd1 Nd7 26. b3 bxc4 27. bxc4 Nxe5 28. Nxe5 Bxe5 29. Nf6+ Qxf6 30. Rxf6 Bxf6 31. Bd5 Bf5 32. Qa4 Kg7 33. Qa7 Rf8 34. Qxc5 Rbc8 35. Qa7 Rcd8 36. Rf1 Rd7 37. Qc5 h5 38. h3 Rfd8 39. Qf2 h4 40. Qb6 Rxd5 41. cxd5 Rxd5 42. Re1 Rd2 43. Qe3 Rb2 44. Qf4 Be6 45. Rf1 Bf5 46. Rd1 Re2 47. Rf1 Ra2 48. Qd6 Rb2 49. Qd5 Re2 50. Qd6 Re6 51. Qf4 Be4 52. Kg1 Bf5 53. Qf2 Re4 54. Kh1 Bd4 55. Qa2 Bf6 56. Qf2 Rb4 57. Rd1 Rb2 58. Qf3 Rb4 59. Rd5 Be4 60. Qd1 Rb1 61. Qxb1 Bxb1 62. Rb5 Be4 63. Rb4 Bd5 64. Ra4 Be6 65. Ra5 g5 66. Ra4 Kg6 67. Ra3 Be5 68. Ra4 f5 69. Ra5 Kf6 70. Ra4 g4 71. hxg4 fxg4 72. Ra3 Kf5 73. Ra4 Bd5 74. Ra5 Be4 75. Ra3 h3 76. Kg1 Bd4+ 77. Kh2 Be5+ 78. g3 Ke6 79. Ra4 Kd5 80. Ra5+ Kd4 81. Ra6 Ke3 82. Ra3+ Bd3 83. Ra4 Kf3 84. Ra3 Bxg3+ 85. Kh1 Ke3 86. Ra2 Be4+ 87. Kg1 h2+ 88. Rxh2 Bxh2+ 89. Kxh2 Kf4 90. Kg1 g3 91. Kf1 Kg4 92. Kg1 Kh3 93. Kf1 Kh2 94. Ke2 g2 95. Kf2 g1=Q+ 96. Ke2 Qg2+ 97. Ke3 Qf3+ 98. Kd2 Bh7 99. Ke1 Qg2 100. Kd1 Qf2 101. Kc1 Qc2# 0-1


[Site "https://www.chess.com"]

[Event "Titled Tuesday Blitz August 08 Early 2023"]
[White "Tanenbaum, Zachary"]
[Black "Santos Flores, Alberto"]
[WhiteFideId "2060850"]
[BlackFideId "3601234"]
[WhiteElo "2756"]
[BlackElo "2558"]
[Result "1-0"]
[Round "4"]
[TimeControl "180+1"]
[Date "2023.08.08"]
[WhiteClock "0:00:06"]
[BlackClock "0:00:03"]
[Board "66"]

1. e4 e6 2. d4 d5 3. Nc3 Nf6 4. Bg5 Bb4 5. e5 h6 6. Bd2 Bxc3 7. bxc3 Ne4 8. Qg4 Kf8 9. Bd3 Nxd2 10. Kxd2 c5 11. h4 Nc6 12. Nf3 c4 13. Be2 Bd7 14. Qf4 b5 15. Rhb1 Rb8 16. a3 a5 17. h5 Qe7 18. g4 b4 19. axb4 axb4 20. cxb4 Rxb4 21. Qe3 Kg8 22. Rg1 Rb2 23. g5 Kf8 24. gxh6 Rxh6 25. Ra4 Be8 26. Qc3 Rb4 27. Rga1 Rxa4 28. Rxa4 Nxd4 29. Ra8 Nxe2 30. Kxe2 Rxh5 31. Qa5 Rf5 32. Ra7 Bd7 33. Qc7 g5 34. Qxd7 Qxd7 35. Rxd7 g4 36. Nd4 Rxe5+ 37. Kf1 Re4 38. c3 Kg7 39. Kg2 Kg6 40. Kg3 Re1 41. Nc6 f5 42. Nd4 Rc1 43. Nxe6 Rxc3+ 44. Kg2 Rd3 45. Nf4+ Kg5 46. Nxd3 cxd3 47. Rxd5 Kf4 48. Rd4+ Ke5 49. Rxd3 f4 50. Ra3 Ke4 51. Ra4+ Kf5 52. f3 g3 53. Ra5+ Kg6 54. Kh3 Kf6 55. Kg4 g2 56. Ra1 1-0


[Site "https://www.chess.com"]

[Event "Titled Tuesday Blitz August 08 Early 2023"]
[White "Mekhitarian, Krikor Sevag"]
[Black "FoxOnTheRun97"]
[WhiteFideId "2107660"]
[WhiteElo "2754"]
[BlackElo "2557"]
[Result "0-1"]
[Round "4"]
[TimeControl "180+1"]
[Date "2023.08.08"]
[WhiteClock "0:01:01"]
[BlackClock "0:00:47"]
[Board "67"]

1. Nf3 Nf6 2. c4 e6 3. d4 d5 4. cxd5 exd5 5. Nc3 c6 6. Bf4 Bd6 7. Bxd6 Qxd6 8. e3 Bf5 9. Nh4 Bg6 10. Qb3 Qe7 11. Nxg6 hxg6 12. Bd3 a5 13. O-O Qb4 14. Qc2 g5 15. a3 Qd6 16. g3 Ng4 17. Qe2 Nxh2 18. Rfc1 Qh6 19. Kg2 Qh3+ 20. Kg1 g4 0-1


[Site "https://www.chess.com"]

[Event "Titled Tuesday Blitz August 08 Early 2023"]
[White "Al-Tarboush, Ward"]
[Black "Adewumi, Tanitoluwa"]
[WhiteFideId "7601450"]
[BlackFideId "30966396"]
[WhiteElo "2557"]
[BlackElo "2751"]
[Result "0-1"]
[Round "4"]
[TimeControl "180+1"]
[Date "2023.08.08"]
[WhiteClock "0:00:12"]
[BlackClock "0:00:35"]
[Board "68"]

1. d4 Nf6 2. Nc3 d5 3. Bg5 c6 4. Nf3 Bf5 5. e3 e6 6. Bd3 Bxd3 7. cxd3 Nbd7 8. O-O Be7 9. Ne5 O-O 10. f4 c5 11. Ne2 cxd4 12. Nxd4 Nxe5 13. fxe5 Nd7 14. Bf4 Qb6 15. Qe2 f6 16. Nf3 fxe5 17. Nxe5 Rxf4 18. Rxf4 Nxe5 19. d4 Nc4 20. Raf1 Bf6 21. b3 Nd6 22. Qf3 Ne4 23. Qg4 Rf8 24. h4 Qd6 25. h5 h6 26. R4f3 Qe7 27. Rf4 Rc8 28. Qg6 Bg5 29. Rf7 Bxe3+ 30. Kh1 Qh4# 0-1


[Site "https://www.chess.com"]

[Event "Titled Tuesday Blitz August 08 Early 2023"]
[White "Kumsiashvili, Nikoloz"]
[Black "Mendez Fortes, Eduardo Jesus"]
[WhiteFideId "13600621"]
[BlackFideId "3502376"]
[WhiteElo "2748"]
[BlackElo "2548"]
[Result "1-0"]
[Round "4"]
[TimeControl "180+1"]
[Date "2023.08.08"]
[WhiteClock "0:00:04"]
[BlackClock "0:00:00"]
[Board "69"]

1. Nf3 d5 2. g3 Nf6 3. Bg2 e6 4. O-O Be7 5. d3 O-O 6. Nbd2 c5 7. e4 Nc6 8. c3 b5 9. Re1 Bb7 10. e5 Nd7 11. Nf1 Qc7 12. Bf4 d4 13. h4 Nb6 14. Rc1 dxc3 15. bxc3 Rfd8 16. h5 h6 17. N1h2 Qd7 18. Bf1 Qd5 19. Qe2 c4 20. d4 Qd7 21. Ng4 Nd5 22. Bd2 Bf8 23. Bg2 Nce7 24. Nh4 Nf5 25. Be4 Nxh4 26. gxh4 Qe7 27. Kg2 b4 28. Rg1 bxc3 29. Bxh6 Kh8 30. Bg5 f6 31. exf6 gxf6 32. Kf1 fxg5 33. Ne5 Nf4 34. Qf3 Bxe4 35. Qxe4 Qh7 36. Ng6+ Nxg6 37. hxg6 Qh6 38. hxg5 Qh3+ 39. Ke1 Kg8 40. Qb7 Bg7 41. Qf7+ Kh8 42. Rxc3 Qh4 43. Kf1 Rf8 44. Rf3 Rxf7 45. gxf7 1-0


[Site "https://www.chess.com"]

[Event "Titled Tuesday Blitz August 08 Early 2023"]
[White "Bettalli, Francesco"]
[Black "Trost, Edvin"]
[WhiteFideId "2816453"]
[BlackFideId "1729519"]
[WhiteElo "2548"]
[BlackElo "2747"]
[Result "0-1"]
[Round "4"]
[TimeControl "180+1"]
[Date "2023.08.08"]
[WhiteClock "0:00:41"]
[BlackClock "0:02:01"]
[Board "70"]

1. e4 c5 2. Nc3 e6 3. Nge2 a6 4. d4 cxd4 5. Nxd4 Qc7 6. Be3 Nf6 7. a3 b5 8. f4 Bb7 9. e5 Nd5 10. Nxd5 Bxd5 11. Qd2 Nc6 12. Bd3 Nxd4 13. Bxd4 Bc5 14. c3 g6 15. b4 Bxd4 16. cxd4 Rc8 17. Kf2 Qc3 18. Qxc3 Rxc3 19. Rac1 Rxc1 20. Rxc1 Ke7 21. Rc7 Ra8 22. g4 Bc6 23. d5 exd5 24. Ke3 Kd8 25. Rxc6 dxc6 26. Kd4 Kc7 27. Kc5 a5 28. f5 axb4 29. axb4 Ra3 30. Be2 Re3 31. e6 fxe6 32. fxg6 hxg6 0-1


[Site "https://www.chess.com"]

[Event "Titled Tuesday Blitz August 08 Early 2023"]
[White "Lorparizangeneh, Shahin"]
[Black "Deng, Henry"]
[WhiteFideId "12521604"]
[BlackFideId "30965454"]
[WhiteElo "2746"]
[BlackElo "2547"]
[Result "0-1"]
[Round "4"]
[TimeControl "180+1"]
[Date "2023.08.08"]
[WhiteClock "0:00:53"]
[BlackClock "0:01:52"]
[Board "71"]

1. d3 d5 2. f4 Nf6 3. Nf3 g6 4. g3 Bg7 5. Bg2 O-O 6. O-O c5 7. Ne5 Nc6 8. Nxc6 bxc6 9. e4 Ba6 10. e5 Nd7 11. Nc3 e6 12. Re1 Qb6 13. Na4 Qa5 14. b3 c4 15. Bd2 Qc7 16. dxc4 dxc4 17. Bb4 Rfd8 18. Be7 Nxe5 19. Bxd8 Rxd8 20. Qe2 Nd7 21. Rad1 Bb5 22. Qf2 cxb3 23. axb3 Rc8 24. Nc5 Nxc5 25. Qxc5 Bf8 26. Qe3 Qa5 27. Kh1 c5 28. Ra1 Qb6 29. Qd2 c4 30. Qb4 Bxb4 0-1


[Site "https://www.chess.com"]